Map: Hardwire LE

Players

mimori

  • Race: Protoss Protoss
  • League: Diamond
  • Spawn Location: 7:00

Warthog - Winner!

  • Race: Terran Terran
  • League: Gold
  • Spawn Location: 1:00

VOD

Have the link to the VOD?

Description

Time

  • Played on: Nov. 2, 2021, 5:25 p.m.
  • Length: 13:48
Show
View Real Time Build Order
Export as new Build Order

mimori Protoss 

Build Orders: Blink Stalkers 

Get SALT Encoding   

  12  0:00  Probe  
  13  0:12  Probe  
  14  0:18  Pylon  
  14  0:25  Probe  
  15  0:37  Probe (Chrono Boost)  
  15  0:40  Gateway  
  15  0:42  Assimilator  
  16  0:49  Probe (Chrono Boost)  
  17  0:56  Probe (Chrono Boost)  
  18  1:04  Probe  
  19  1:16  Probe  
  20  1:28  Cybernetics Core, Probe  
  21  1:41  Probe  
  21  1:47  Nexus  
  22  1:52  Pylon  
  22  1:56  Probe  
  22  1:57  Assimilator  
  23  2:07  Adept (Chrono Boost)  
  23  2:10  Probe  
  25  2:29  Warp Gate  
  25  2:30  Stalker  
  25  2:36  Twilight Council  
  27  2:40  Probe  
  28  2:48  Gateway  
  28  2:52  Probe  
  28  2:56  Robotics Facility  
  29  2:59  Probe  
  29  3:04  Probe  
  31  3:11  Probe  
  32  3:14  Blink (Chrono Boost)  
  32  3:16  Probe  
  33  3:26  Probe  
  34  3:28  Probe, Stalker  
  37  3:38  Probe  
  37  3:40  Probe  
  39  3:50  Probe  
  39  3:52  Probe  
  39  3:55  Gateway  
  39  4:05  Observer  
  39  4:06  Gateway  
  40  4:10  Shield Battery  
  40  4:18  Assimilator  
  40  4:20  Pylon  
  40  4:24  Stalker x2  
  40  4:28  Pylon  
  44  4:31  Warp Prism  
  44  4:34  Pylon  
  46  4:46  Pylon  
  46  4:52  Stalker x3  
  52  5:01  Stalker  
  52  5:04  Charge (Chrono Boost)  
  54  5:16  Robotics Bay, Probe  
  54  5:17  Probe  
  54  5:18  Assimilator  
  56  5:28  Probe  
  56  5:29  Probe  
  56  5:35  Stalker x4  
  66  6:02  Probe x2  
  66  6:04  Extended Thermal Lance (Chrono Boost)  
  68  6:10  Colossus (Chrono Boost)  
  68  6:14  Probe  
  68  6:15  Probe  
  76  6:26  Probe  
  76  6:27  Probe  
  78  6:39  Probe  
  73  6:46  Gateway  
  73  6:47  Gateway  
  73  6:49  Gateway  
  73  6:50  Sentry x2  
  77  7:02  Forge  
  77  7:06  Nexus  
  77  7:07  Pylon  
  77  7:10  Pylon  
  77  7:13  Pylon  
  77  7:25  Colossus (Chrono Boost)  
  77  7:27  Zealot  
  65  7:46  Zealot x3  
  65  7:56  Stalker  
  67  8:06  Stalker x4  
  67  8:07  Stalker  
  77  8:18  Protoss Ground Weapons Level 1 (Chrono Boost)  
  77  8:19  Shield Battery  
  77  8:22  Gateway  
  77  8:24  Gateway  
  77  8:27  Gateway  
  77  8:29  Sentry x2  
  77  8:31  Stalker x4  
  77  8:32  Stalker  
  91  8:56  Stalker x2  
  91  8:57  Zealot x2  
  91  8:58  Zealot x3  
  81  9:18  Stalker  
  81  9:19  Stalker x2  
  83  9:24  Zealot  
  83  9:26  Zealot x3  
  83  9:28  Probe x3  
  92  9:40  Probe x3  
  92  9:42  Sentry  
  92  9:43  Sentry x2  
  92  9:44  Stalker x3  
  103  9:52  Probe  
  104  9:57  Assimilator  
  104  9:58  Stalker, Assimilator  
  104  9:59  Stalker x2  
  110  10:02  Sentry  
  112  10:28  Zealot x2  
  111  10:37  Zealot x3  
  117  11:08  Pylon  
  117  11:09  Pylon x2  
  117  11:20  Nexus  
  117  11:24  Forge  
  117  11:30  Pylon  
  117  11:32  Pylon  
  117  11:34  Pylon  
  117  11:35  Pylon  
  117  11:41  Templar Archives  
  117  11:43  Zealot x4  
  117  11:45  Stalker x2  
  117  11:46  Stalker x2  
  133  11:58  Stalker x2  
  108  12:38  Stalker x5  
  108  12:39  Zealot  
  108  12:40  Zealot x3  
  108  12:41  Zealot  
  123  13:03  Stalker x5  
  123  13:04  Nexus, Zealot x2  
  123  13:05  Zealot  
  139  13:08  Assimilator  
Show
View Real Time Build Order
Export as new Build Order

Warthog Terran - Winner!

Build Orders:  

Get SALT Encoding   

  12  0:01  SCV  
  13  0:13  SCV  
  14  0:18  Supply Depot  
  14  0:25  SCV  
  15  0:39  SCV  
  16  0:43  Barracks  
  16  0:47  Refinery  
  16  0:53  SCV  
  17  1:05  SCV  
  18  1:18  SCV  
  19  1:31  Orbital Command  
  19  1:33  Barracks Reactor  
  19  1:43  Command Center  
  19  1:57  Supply Depot  
  19  2:00  SCV  
  20  2:11  Marine x2  
  22  2:17  SCV  
  23  2:28  Barracks  
  23  2:29  Barracks  
  23  2:30  SCV  
  24  2:38  Marine x2  
  24  2:42  SCV  
  27  2:45  Refinery  
  27  2:54  SCV  
  28  3:01  Orbital Command  
  28  3:04  Marine x2  
  30  3:16  SCV  
  30  3:17  Barracks Tech Lab  
  30  3:18  Barracks Tech Lab  
  30  3:22  Marine x2  
  32  3:28  SCV  
  32  3:29  SCV  
  34  3:38  Factory  
  34  3:40  SCV, Marine  
  36  3:41  SCV  
  37  3:49  Supply Depot  
  37  3:52  SCV  
  37  3:53  SCV  
  37  3:55  Stimpack, Combat Shield  
  39  3:56  Marine  
  40  4:04  SCV  
  40  4:05  SCV  
  40  4:06  Marine x3  
  45  4:12  Supply Depot  
  45  4:16  SCV  
  46  4:17  SCV  
  46  4:22  Starport  
  46  4:23  Supply Depot, Factory Reactor  
  47  4:27  Marine  
  47  4:28  SCV  
  47  4:30  SCV  
  50  4:35  Engineering Bay  
  50  4:40  Supply Depot  
  50  4:41  SCV  
  50  4:42  SCV  
  52  4:46  Supply Depot  
  52  4:48  Marauder, Marine x2  
  56  4:53  SCV  
  56  4:54  SCV  
  58  5:05  SCV  
  58  5:06  SCV  
  60  5:12  Marine x4  
  60  5:13  Medivac x2  
  68  5:15  Factory Tech Lab  
  68  5:17  SCV, Terran Infantry Weapons Level 1  
  68  5:18  SCV  
  70  5:26  Missile Turret  
  70  5:29  SCV, Marine x2  
  70  5:30  SCV  
  70  5:31  Supply Depot  
  70  5:32  Supply Depot  
  74  5:41  SCV  
  74  5:42  SCV  
  76  5:45  Command Center  
  75  5:53  Marauder, Marine x2  
  80  6:03  Siege Tank  
  80  6:04  Barracks Tech Lab  
  82  6:05  Concussive Shells  
  82  6:08  Supply Depot  
  82  6:09  Supply Depot, Medivac  
  82  6:11  Marine  
  85  6:15  Command Center, Marauder  
  87  6:21  Engineering Bay  
  87  6:25  Armory, Marine  
  89  6:26  Marauder  
  89  6:28  Marine  
  89  6:29  Refinery  
  90  6:33  Supply Depot  
  90  6:35  Supply Depot, Marine  
  90  6:47  Barracks Tech Lab  
  90  6:55  Marauder, Marine x2  
  90  6:56  Supply Depot  
  90  7:00  Supply Depot, SCV  
  95  7:04  Refinery  
  95  7:05  SCV  
  96  7:12  Marine  
  96  7:13  SCV, Marauder, Marine, Siege Tank  
  104  7:16  Marauder  
  104  7:18  SCV  
  104  7:20  Supply Depot  
  107  7:24  Supply Depot  
  107  7:25  SCV  
  108  7:30  SCV, Marine  
  108  7:36  Marauder, Marine  
  103  7:37  SCV  
  94  7:57  SCV x2  
  92  7:59  Marauder x2, Marine x2  
  92  8:00  Medivac x2, Siege Tank  
  101  8:08  Barracks  
  101  8:09  SCV  
  101  8:10  Barracks  
  101  8:12  Terran Infantry Weapons Level 2  
  101  8:13  Terran Infantry Armor Level 1  
  101  8:17  Marine x2  
  103  8:20  Marauder  
  105  8:29  Orbital Command  
  105  8:41  SCV x2  
  107  8:44  Marauder x2, Marine x2  
  112  8:53  SCV x2  
  114  8:58  Barracks Tech Lab  
  114  8:59  Barracks Reactor  
  114  9:01  Orbital Command  
  114  9:02  Marine x2  
  116  9:05  SCV, Marauder  
  116  9:06  Marauder  
  114  9:19  Marine  
  114  9:20  Marine  
  114  9:21  Marauder  
  118  9:26  Marine  
  118  9:27  Marauder  
  118  9:28  Terran Vehicle Weapons Level 1  
  121  9:37  Marine x2  
  121  9:42  Marauder  
  121  9:45  Medivac, Siege Tank  
  124  9:50  Refinery, Marauder, Marine x3  
  124  9:51  Refinery, Factory  
  124  9:52  Factory  
  129  9:55  Marine x2  
  131  10:03  Marine  
  132  10:08  Marine x2  
  132  10:09  Marauder  
  132  10:12  Marauder  
  132  10:13  Marine x2, Orbital Command  
  140  10:17  Siege Tank  
  145  10:21  Marauder  
  145  10:25  Marine  
  145  10:26  Marine  
  147  10:29  Medivac  
  147  10:30  Marauder  
  147  10:31  Marine x2  
  147  10:33  Marauder  
  155  10:42  Marine  
  156  10:43  Marine  
  156  10:44  Factory Tech Lab x2  
  156  10:49  Siege Tank  
  160  11:01  Marauder x3, Marine x3  
  160  11:02  Terran Infantry Weapons Level 3  
  169  11:07  Supply Depot, SCV x2  
  169  11:08  Siege Tank  
  169  11:09  Supply Depot  
  174  11:11  Siege Tank  
  174  11:12  Marine  
  174  11:15  Supply Depot x2  
  178  11:21  Siege Tank  
  181  11:28  Marauder x2  
  185  11:50  Missile Turret  
  185  11:51  Missile Turret  
  185  11:52  Missile Turret  
  185  11:54  Missile Turret  
  185  11:55  Missile Turret  
  185  11:58  Marauder, Marine  
  185  12:00  Marine  
  185  12:01  Marauder  
  191  12:12  Missile Turret  
  187  12:34  Marine  
  187  12:35  Marauder, Marine  
  187  12:36  Medivac x2, Siege Tank, Marine  
  187  12:37  Marauder, Marine  
  193  12:41  Siege Tank x2  
  190  12:49  Command Center  
  190  12:52  Marine x2  
  190  12:54  Marine  
  190  12:55  Marauder  
  195  13:01  Marine  
  195  13:02  Marauder  
  198  13:06  Medivac  
  199  13:20  Marine  
  199  13:21  Marauder  
  199  13:24  Marauder, Marine  
Tags
 
Add a new tag
Caveats
  • Supply blocks, unpowered buildings, or Contaminate may cause inaccurate times.
  • Supply counts are checked every 10 seconds.